 Dungeon Crawl Stone Soup version 0.27-a0-512-g57cc695410 (webtiles) character file.

Game seed: 10494173788493385687

954 kae the Cleaver (level 8, -4/73 HPs)
             Began as a Hill Orc Fighter on Mar 3, 2021.
             Was an Initiate of Qazlal.
             Slain by an ogre
             ... wielding a +0 giant club
              (19 damage)
             ... on level 5 of the Dungeon.
             The game lasted 00:04:28 (6792 turns).

kae the Cleaver (Hill Orc Fighter)                  Turns: 6792, Time: 00:04:29

Health: -4/73      AC:  7    Str: 21    XL:     8   Next: 14%
Magic:  8/8        EV:  7    Int:  8    God:    Qazlal [......]
Gold:   313        SH:  9    Dex: 10    Spells: 7/7 levels left

rFire    . . .     SeeInvis .   a - +1 war axe
rCold    . . .     Faith    .   c - +0 kite shield
rNeg     . . .     Spirit   .   b - +1 scale mail
rPois    .         Reflect  .   (no helmet)
rElec    .         Harm     .   (no cloak)
rCorr    .         Rampage  .   (no gloves)
Will     .....                  (no boots)
Stlth    ..........             (no amulet)
HPRegen  0.22/turn              (no ring)
MPRegen  0.11/turn              (no ring)

@: no status effects
A: no striking features
a: Renounce Religion


You were on level 5 of the Dungeon.
You worshipped Qazlal.
Qazlal was noncommittal.
You visited 2 branches of the dungeon, and saw 7 of its levels.
You also visited: Ossuary.

You collected 313 gold pieces.

Inventory:

Hand Weapons
 a - a +1 war axe (weapon)
Armour
 b - a +1 scale mail (worn)
 c - a +0 kite shield (worn)
Jewellery
 f - an amulet of regeneration
 k - a ring of willpower
 r - a ring of poison resistance
Scrolls
 g - 2 scrolls of magic mapping
 j - 2 scrolls of enchant armour
 l - 2 scrolls of teleportation
 o - a scroll of fog
 v - a scroll of amnesia
Potions
 d - 2 potions of might
 e - a potion of brilliance
 h - 3 potions of invisibility
 i - a potion of lignification
 m - 2 potions of attraction
 n - a potion of cancellation
 q - 2 potions of mutation
 s - 2 potions of ambrosia
 t - a potion of berserk rage
 u - a potion of haste


   Skills:
 + Level 7.2 Fighting
 * Level 10.0 Axes
 - Level 3.2 Armour
 - Level 3.2 Shields


You had 7 spell levels left.
You didn't know any spells.
Your spell library was empty.

Dungeon Overview and Level Annotations

Branches:
Dungeon (6/15)             Temple (1/1) D:5         Ossuary (visited)

Altars:
Ashenzari
Cheibriados
Dithmenos
Elyvilon
Fedhas
Gozag
Hepliaklqana
Kikubaaqudgha
Makhleb
Nemelex Xobeh
Okawaru
Qazlal
Ru
Trog
Uskayaw
Vehumet
Wu Jian
Xom
Yredelemnul
Zin
The Shining One
Beogh

Annotations:
D:4 1 runed translucent door, Inkie's ghost, amateur GnCK
D:6 Dowan; Duvessa


Message History

You feel sick.
You feel sick.
You aren't carrying any items that you can evoke.
Unknown command.
Okay, then.
Okay, then.
You feel sick.
Dowan mumbles some strange words.
Dowan blinks!
Okay, then.
Dowan gestures wildly while chanting.
Dowan blinks!
The orc priest shouts, "Join the one true god or die!"
You feel sick.
There is a stone staircase leading up here.
You block the ogre's attack.
You climb upwards.
Reactivating autopickup.
There is a stone staircase leading down here.
You can't go up here!
You feel sick.
You feel sick.
You are no longer poisoned.
The ogre hits you with a +0 giant club.
You aren't carrying any items that you can evoke.
You completely miss the ogre. The ogre barely misses you.
You slash the ogre!
The ogre is heavily wounded.
The ogre hits you with a +0 giant club!
* * * LOW HITPOINT WARNING * * *
You barely miss the ogre.
The ogre is heavily wounded.
The ogre barely misses you.
You slash the ogre!
The ogre is almost dead.
The ogre barely misses you.
Your shield prevents you from hitting the ogre.
The ogre is severely wounded.
The ogre hits you with a +0 giant club!!
You die...

#...##.....#.......#
#...##.....#.......#
#...#.(....#.......#
#...#......'.......'
#...#.>....#.......#
#...#......#.......#
#...#......#.......#
#..O##.....#.......#
#..@########.......#
#..........#.......'
##'###.....#.......#
#...##.....#....รท..#
#...##.....#.......#
#...##.....#.......#
#...#......#.......#
#...#......'........
#...##.....#........


You could see an ogre.

Vanquished Creatures
  Sigmund (D:4)
  A tengu (D:4)
  An elf zombie (Ossuary)
  3 hounds
  A centaur zombie (Ossuary)
  2 human zombies (Ossuary)
  2 orc priests
  An iguana (D:4)
  An orc wizard (D:3)
  3 worker ants
  A hound zombie (Ossuary)
  3 mummies (Ossuary)
  7 adders
  A white imp (D:5)
  An ooze (D:3)
  An adder skeleton (D:4)
  7 adder zombies
  3 worms
  3 dart slugs
  3 leopard geckos
  10 orcs
  3 giant cockroaches
  A gnoll zombie (Ossuary)
  8 goblins
  7 hobgoblins
  6 jackals
  3 quokkas
  6 ball pythons
  4 bats
  8 frilled lizards
  A giant cockroach zombie (D:5)
  6 goblin zombies (Ossuary)
  4 hobgoblin zombies (Ossuary)
  2 jackal zombies
  12 kobolds
  4 kobold zombies (Ossuary)
  2 leopard gecko skeletons
  An orc zombie (Ossuary)
  2 quokka skeletons
  3 quokka zombies (Ossuary)
  10 rats
  3 rat zombies (Ossuary)
152 creatures vanquished.

Notes
Turn   | Place    | Note
-------+----------+-------------------------------------------
     0 | D:1      | kae the Hill Orc Fighter began the quest for the Orb.
     0 | D:1      | Reached XP level 1. HP: 19/19 MP: 1/1
    23 | D:1      | Reached skill level 3 in Axes
   211 | D:1      | Reached XP level 2. HP: 18/27 MP: 2/2
   655 | D:1      | Reached skill level 4 in Axes
   672 | D:1      | Reached XP level 3. HP: 29/33 MP: 3/3
  1518 | D:2      | Reached XP level 4. HP: 37/41 MP: 4/4
  1530 | D:2      | Reached skill level 5 in Axes
  2233 | D:3      | Reached XP level 5. HP: 47/47 MP: 5/5
  2413 | D:3      | Found a roughly hewn altar of Beogh.
  2619 | D:2      | Reached skill level 5 in Fighting
  2619 | D:2      | Reached skill level 6 in Axes
  3304 | D:4      | Noticed Sigmund
  3322 | D:4      | Killed Sigmund
  3323 | D:4      | Reached skill level 7 in Axes
  3323 | D:4      | Reached XP level 6. HP: 16/57 MP: 6/6
  3577 | D:4      | Reached skill level 8 in Axes
  3577 | D:4      | Reached XP level 7. HP: 36/63 MP: 7/7
  3726 | D:4      | HP: 1/63 [ogre/+0 giant club (19)]
  4553 | D:5      | Entered Level 5 of the Dungeon
  4589 | D:5      | Found a staircase to the Ecumenical Temple.
  4636 | D:5      | Found a sand-covered staircase.
  4643 | Ossuary  | Entered an ossuary
  4930 | Ossuary  | Reached skill level 9 in Axes
  6138 | Temple   | Entered the Ecumenical Temple
  6346 | Temple   | Became a worshipper of Qazlal Stormbringer
  6426 | D:4      | Reached XP level 8. HP: 65/73 MP: 8/8
  6512 | D:4      | Reached skill level 10 in Axes
  6623 | D:4      | Found a runed translucent door.
  6624 | D:4      | Noticed Inkie's ghost (amateur GnCK)
  6745 | D:6      | Noticed Dowan
  6745 | D:6      | Noticed Duvessa
  6792 | D:5      | Slain by an ogre

Illustrated notes

Levels and vault maps discovered:
D:1:      dpeg_arrival_arbitrary_b, layout_basic, minmay_tetromino_i4
D:2:      layout_basic
D:3:      layout_loops_cross, kennysheep_orc_chapel
D:4:      layout_loops_ring, gammafunk_ghost_grave, corexii_shack, uniq_sigmund
D:5:      layout_gridville, minmay_temple_entry_grid,
          nicolae_ossuary_entry_ruins
D:6:      layout_layer_cave, nicolae_overflow_crystal_walls, basic_altar,
          uniq_duvessa
Temple:   minmay_crystal_snake_temple

Skill      XL: |  1  2  3  4  5  6  7  8 |
---------------+-------------------------+-----
Axes           | 3 4 5 7 8 9 10 | 10.0
Fighting       | 4 5 6 7 |  7.2
Armour         | |  3.2
Shields        | |  3.2

Action                   |  1- 3 |  4- 6 |  7- 9 || total
-------------------------+-------+-------+-------++-------
Melee: War axe           |   100 |   150 |   199 ||   449
Evoke: Wand              |       |       |     7 ||     7
  Use: Scroll            |       |    11 |     6 ||    17
       Potion            |       |     1 |     1 ||     2
Armor: Scale mail        |    43 |    47 |    62 ||   152
Dodge: Dodged            |    33 |    41 |    53 ||   127
Block: Kite shield       |    68 |    67 |    77 ||   212

Table legend: (Time is in decaauts)
 A = Elapsed time spent in this place.
 B = Non-inter-level travel time spent in this place.
 C = Inter-level travel time spent in this place.
 D = Time resting spent in this place.
 E = Time spent auto-exploring this place.
 F = Levels seen in this place.
 G = Mean time per level.
                   A        B        C        D        E       F      G
               +--------+--------+--------+--------+--------+-----+--------+
         Total |   6976 |   6676 |    300 |    523 |   5011 |   8 |  872.0 |
       Dungeon |   5913 |   5683 |    230 |    523 |   4206 |   6 |  985.5 |
        Temple |    240 |    171 |     69 |      0 |    169 |   1 |  240.0 |
       Ossuary |    823 |    823 |      0 |      0 |    636 |   1 |  823.0 |
               +--------+--------+--------+--------+--------+-----+--------+

Top non-repeatable levels by time:
     D:3: 1392 daAuts
     D:2: 1323 daAuts
     D:4: 1129 daAuts
     D:1: 1103 daAuts
     D:5: 874 daAuts
 Ossuary: 823 daAuts
  Temple: 240 daAuts
     D:6: 90 daAuts
